General information
- name: BNet
- type: Ladder team game (AT/RT)
- host: Battle.net
- saver: BEAR_AND
map: Dragonblight
- players: 6
- length: 42:20
- speed: Fast
- version: 1.26 W3XP
- replay type:

» download(282 KB)
Players
team 1 (winner)
BEAR_AND (
purple | 114 APM | 4834 actions | 42:19)
6 Warden
3 Shadow Strike
3 Blink
5 Pandaren Brewmaster
3 Breath of Fire
2 Drunken Haze
» actions
| Assign group hotkey | 10 | |
| Basic commands | 3 | |
| Build / train | 84 | |
| Enter build submenu | 33 | |
| Enter hero's abilities submenu | 11 | |
| Give item / drop item | 5 | |
| Right click | 3331 | |
| Select / deselect | 501 | |
| Select group hotkey | 591 | |
| Use ability | 265 | |
4834 total
» units
» upgrades
| Ultravision | 1 | |
| Nature's Blessing | 1 | |
| Well Spring | 1 | |
| Strength of the Wild | 1 | |
4 total
» buildings
| Altar of Elders | 1 | |
| Moon Well | 23 | |
| Tree of Ages | 2 | |
| Tree of Life | 4 | |
| Ancient of Wonders | 1 | |
| Tree of Eternity | 2 | |
| Hunter's Hall | 1 | |
34 total
» build order
00:38 Altar of Elders
00:40 Moon Well
01:13 Moon Well
04:03 Moon Well
04:04 Moon Well
05:28 Tree of Ages
05:34 Moon Well
05:36 Moon Well
05:37 Moon Well
06:03 Moon Well
07:21 Moon Well
07:21 Moon Well
07:38 Tree of Life
08:26 Moon Well
08:57 Tree of Life
10:32 Ancient of Wonders
11:13 Tree of Eternity
11:31 Moon Well
11:32 Moon Well
11:34 Hunter's Hall
14:16 Moon Well
14:26 Tree of Life
21:13 Moon Well
21:14 Moon Well
21:15 Moon Well
23:59 Tree of Life
24:25 Moon Well
24:27 Moon Well
24:28 Moon Well
24:29 Moon Well
24:30 Moon Well
24:32 Moon Well
30:54 Tree of Ages
35:14 Tree of Eternity
» items
| Healing Salve | 4 | |
| Lesser Clarity Potion | 3 | |
| Staff of Teleportation | 2 | |
| Boots of Speed | 2 | |
| Orb of Lightning | 1 | |
| Orb of Venom | 1 | |
| Staff of Preservation | 1 | |
| Staff of Sanctuary | 1 | |
15 total
iggy_the_fisk (
blue | 127 APM | 5374 actions | 42:18)
5 Archmage
3 Blizzard
2 Brilliance Aura
5 Blood Mage
3 Flame Strike
2 Siphon Mana
5 Mountain King
3 Storm Bolt
2 Bash
» actions
| Assign group hotkey | 354 | |
| Basic commands | 14 | |
| Build / train | 101 | |
| Enter build submenu | 67 | |
| Enter hero's abilities submenu | 15 | |
| Give item / drop item | 3 | |
| Remove unit from queue | 1 | |
| Right click | 2769 | |
| Select / deselect | 318 | |
| Select group hotkey | 1474 | |
| Use ability | 258 | |
5374 total
» units
» upgrades
| Masonry | 3 | |
| Lumber Harvesting | 3 | |
| Magic Sentry | 1 | |
7 total
» buildings
| Altar of Kings | 2 | |
| Lumber Mill | 1 | |
| Farm | 4 | |
| Scout Tower | 59 | |
| Arcane Tower | 12 | |
| Guard Tower | 23 | |
| Keep | 1 | |
| Arcane Vault | 5 | |
| Castle | 2 | |
| Arcane Sanctum | 1 | |
110 total
» build order
00:04 Altar of Kings
00:07 Altar of Kings
00:19 Lumber Mill
00:34 Farm
00:44 Farm
01:26 Scout Tower
01:31 Scout Tower
01:44 Farm
01:57 Scout Tower
02:06 Arcane Tower
02:07 Arcane Tower
02:07 Arcane Tower
02:07 Arcane Tower
02:11 Scout Tower
02:20 Arcane Tower
02:26 Scout Tower
02:27 Guard Tower
02:40 Guard Tower
02:42 Scout Tower
02:53 Guard Tower
02:55 Scout Tower
03:25 Guard Tower
03:27 Scout Tower
03:35 Scout Tower
03:36 Guard Tower
04:01 Scout Tower
04:01 Guard Tower
04:06 Scout Tower
04:07 Guard Tower
04:12 Keep
04:37 Guard Tower
04:38 Scout Tower
04:39 Guard Tower
04:40 Scout Tower
04:41 Scout Tower
04:50 Scout Tower
04:55 Scout Tower
05:11 Scout Tower
05:12 Guard Tower
05:13 Scout Tower
05:42 Guard Tower
06:05 Scout Tower
06:07 Scout Tower
06:12 Scout Tower
06:12 Scout Tower
06:22 Arcane Vault
06:31 Scout Tower
06:36 Guard Tower
06:55 Farm
07:12 Guard Tower
07:17 Scout Tower
07:26 Arcane Tower
07:47 Scout Tower
07:48 Guard Tower
08:08 Castle
08:09 Castle
08:11 Scout Tower
08:18 Arcane Tower
08:53 Scout Tower
09:03 Guard Tower
09:04 Scout Tower
09:22 Arcane Tower
09:30 Arcane Sanctum
09:37 Guard Tower
09:38 Scout Tower
10:09 Guard Tower
11:17 Arcane Vault
13:05 Arcane Vault
14:03 Arcane Vault
14:28 Scout Tower
15:19 Scout Tower
15:19 Scout Tower
15:21 Arcane Tower
15:21 Scout Tower
16:13 Scout Tower
16:13 Scout Tower
16:14 Scout Tower
16:14 Scout Tower
16:16 Scout Tower
16:17 Scout Tower
16:17 Scout Tower
16:18 Scout Tower
16:20 Scout Tower
16:22 Scout Tower
16:23 Guard Tower
16:25 Scout Tower
16:25 Scout Tower
17:40 Guard Tower
17:43 Scout Tower
17:44 Scout Tower
17:45 Scout Tower
17:49 Scout Tower
17:50 Scout Tower
17:52 Scout Tower
17:54 Arcane Vault
17:56 Scout Tower
17:56 Scout Tower
18:05 Scout Tower
18:06 Scout Tower
18:06 Arcane Tower
19:46 Guard Tower
19:48 Scout Tower
19:49 Scout Tower
19:56 Guard Tower
20:19 Guard Tower
20:47 Guard Tower
20:53 Arcane Tower
20:58 Scout Tower
20:58 Scout Tower
25:05 Arcane Tower
» items
| Healing Salve | 4 | |
| Lesser Clarity Potion | 1 | |
| Scroll of Town Portal | 3 | |
| Orb of Lightning | 2 | |
| Staff of Sanctuary | 3 | |
| Boots of Speed | 3 | |
| Staff of Teleportation | 3 | |
| Circlet of Nobility | 1 | |
20 total
timg4strok (
green | 70 APM | 2950 actions | 42:18)
9 Blademaster
3 Wind Walk
3 Critical Strike
1 Bladestorm
2 Mirror Image
» actions
| Assign group hotkey | 28 | |
| Basic commands | 16 | |
| Build / train | 85 | |
| ESC pressed | 1 | |
| Enter build submenu | 75 | |
| Enter hero's abilities submenu | 9 | |
| Give item / drop item | 7 | |
| Right click | 1668 | |
| Select / deselect | 274 | |
| Select group hotkey | 512 | |
| Use ability | 275 | |
2950 total
» units
» upgrades
| Spiked Barricades | 1 | |
| Reinforced Defenses | 1 | |
| Ranged Weapons | 3 | |
| Liquid Fire | 1 | |
| Armor | 2 | |
8 total
» buildings
| Altar of Storms | 1 | |
| War Mill | 2 | |
| Orc Burrow | 3 | |
| Watch Tower | 63 | |
| Voodoo Lounge | 3 | |
| Stronghold | 2 | |
| Fortress | 1 | |
| Great Hall | 1 | |
| Beastiary | 2 | |
78 total
» build order
00:04 Altar of Storms
00:08 War Mill
00:34 Orc Burrow
01:46 Watch Tower
01:48 Watch Tower
02:00 Voodoo Lounge
02:52 Watch Tower
03:02 Watch Tower
03:08 Watch Tower
03:11 War Mill
03:33 Voodoo Lounge
04:12 Watch Tower
04:12 Watch Tower
04:14 Watch Tower
05:03 Voodoo Lounge
05:18 Watch Tower
05:19 Watch Tower
05:21 Watch Tower
05:39 Stronghold
05:39 Stronghold
06:17 Watch Tower
06:21 Watch Tower
06:24 Watch Tower
06:49 Watch Tower
07:23 Watch Tower
08:11 Watch Tower
08:12 Watch Tower
08:13 Watch Tower
08:30 Watch Tower
09:03 Fortress
10:56 Watch Tower
10:57 Watch Tower
10:58 Watch Tower
11:08 Watch Tower
11:08 Watch Tower
11:11 Watch Tower
11:23 Watch Tower
11:23 Watch Tower
11:24 Watch Tower
12:51 Watch Tower
12:53 Watch Tower
12:54 Watch Tower
13:40 Great Hall
13:55 Watch Tower
13:56 Watch Tower
13:57 Watch Tower
13:57 Watch Tower
14:54 Watch Tower
16:14 Watch Tower
16:47 Watch Tower
17:34 Beastiary
17:35 Beastiary
17:38 Watch Tower
17:52 Watch Tower
18:20 Watch Tower
18:56 Orc Burrow
18:56 Orc Burrow
19:18 Watch Tower
19:34 Watch Tower
20:21 Watch Tower
20:41 Watch Tower
20:49 Watch Tower
21:29 Watch Tower
21:34 Watch Tower
21:47 Watch Tower
23:22 Watch Tower
23:22 Watch Tower
23:32 Watch Tower
23:32 Watch Tower
23:32 Watch Tower
23:36 Watch Tower
23:36 Watch Tower
23:37 Watch Tower
23:38 Watch Tower
23:39 Watch Tower
27:09 Watch Tower
27:10 Watch Tower
» items
| Staff of Teleportation | 1 | |
| Boots of Speed | 1 | |
| Healing Salve | 2 | |
| Lesser Clarity Potion | 2 | |
| Orb of Lightning | 2 | |
| Circlet of Nobility | 3 | |
11 total
team 2 (loser)
BRRJ_Lord-NE (
teal | 47 APM | 2008 actions | 42:18)
4 Crypt Lord
3 Carrion Beetles
1 Impale
1 Death Knight
1 Death Coil
» actions
| Assign group hotkey | 52 | |
| Basic commands | 1 | |
| Build / train | 74 | |
| Enter build submenu | 31 | |
| Enter hero's abilities submenu | 5 | |
| Remove unit from queue | 1 | |
| Right click | 817 | |
| Select / deselect | 608 | |
| Select group hotkey | 367 | |
| Use ability | 52 | |
2008 total
» units
| Acolyte | 20 | |
| Ghoul | 3 | |
| Crypt Fiend | 8 | |
| Frost Wyrm | 12 | |
| Blue Dragon | 1 | |
44 total
» upgrades
| Creature Attack | 1 | |
| Creature Carapace | 1 | |
2 total
» buildings
| Graveyard | 1 | |
| Crypt | 1 | |
| Altar of Darkness | 1 | |
| Ziggurat | 17 | |
| Tomb of Relics | 2 | |
| Nerubian Tower | 3 | |
| Spirit Tower | 6 | |
| Halls of the Dead | 1 | |
| Black Citadel | 1 | |
| Sacrificial Pit | 2 | |
| Boneyard | 2 | |
37 total
» build order
00:23 Graveyard
00:24 Crypt
00:51 Altar of Darkness
00:57 Ziggurat
01:20 Tomb of Relics
02:15 Ziggurat
04:24 Nerubian Tower
04:42 Ziggurat
05:13 Ziggurat
05:16 Ziggurat
05:20 Ziggurat
05:26 Ziggurat
05:37 Ziggurat
06:08 Spirit Tower
06:11 Tomb of Relics
06:13 Nerubian Tower
06:28 Spirit Tower
07:01 Spirit Tower
07:36 Halls of the Dead
08:24 Ziggurat
08:30 Ziggurat
08:40 Ziggurat
09:51 Spirit Tower
10:20 Black Citadel
10:52 Sacrificial Pit
11:21 Sacrificial Pit
11:24 Ziggurat
13:16 Boneyard
13:19 Boneyard
14:28 Ziggurat
18:53 Ziggurat
19:33 Ziggurat
19:33 Ziggurat
19:35 Ziggurat
21:05 Spirit Tower
21:07 Nerubian Tower
21:19 Spirit Tower
» items
| Rod of Necromancy | 6 | |
| Sacrificial Skull | 1 | |
| Potion of Healing | 1 | |
| Dust of Appearance | 1 | |
9 total
BRRJ_Rodsted (
pink | 53 APM | 2233 actions | 42:18)
1 Tauren Chieftain
1 Shockwave
» actions
| Assign group hotkey | 53 | |
| Basic commands | 6 | |
| Build / train | 80 | |
| Enter build submenu | 46 | |
| Enter hero's abilities submenu | 1 | |
| Give item / drop item | 2 | |
| Remove unit from queue | 5 | |
| Right click | 1017 | |
| Select / deselect | 536 | |
| Select group hotkey | 358 | |
| Use ability | 129 | |
2233 total
» units
| Peon | 22 | |
| Grunt | 8 | |
| Demolisher | 11 | |
| Troll Batrider | 1 | |
| Wind Rider | 2 | |
| Tauren | 9 | |
| Shaman | -1 | |
| Troll Witch Doctor | 6 | |
58 total
» upgrades
| Armor | 1 | |
| Melee Weapons | 1 | |
| Ranged Weapons | 2 | |
| Burning Oil | 1 | |
| Shaman Training | 0 | |
| Witch Doctor Training | 2 | |
7 total
» buildings
| Altar of Storms | 1 | |
| Orc Burrow | 10 | |
| Barracks | 2 | |
| War Mill | 1 | |
| Voodoo Lounge | 1 | |
| Stronghold | 1 | |
| Fortress | 1 | |
| Spirit Lodge | 2 | |
| Beastiary | 2 | |
| Tauren Totem | 2 | |
| Great Hall | 2 | |
| Watch Tower | 16 | |
41 total
» build order
00:15 Altar of Storms
00:30 Orc Burrow
00:41 Barracks
01:38 Orc Burrow
01:55 War Mill
02:43 Voodoo Lounge
03:46 Orc Burrow
04:43 Stronghold
06:20 Orc Burrow
07:13 Fortress
07:18 Spirit Lodge
07:41 Barracks
08:56 Orc Burrow
09:20 Orc Burrow
11:53 Beastiary
12:46 Beastiary
15:31 Tauren Totem
18:06 Tauren Totem
18:57 Spirit Lodge
20:56 Great Hall
38:02 Watch Tower
38:04 Watch Tower
38:05 Watch Tower
38:06 Watch Tower
38:09 Watch Tower
38:12 Watch Tower
39:03 Watch Tower
39:08 Watch Tower
39:11 Watch Tower
39:14 Watch Tower
39:17 Watch Tower
39:24 Watch Tower
39:31 Watch Tower
40:14 Watch Tower
40:19 Watch Tower
40:20 Watch Tower
41:36 Great Hall
41:41 Orc Burrow
41:49 Orc Burrow
41:59 Orc Burrow
42:10 Orc Burrow
» items
| Potion of Healing | 3 | |
| Scroll of Healing | 1 | |
| Healing Salve | 2 | |
| Scroll of Speed | 1 | |
| Lesser Clarity Potion | 1 | |
8 total
BRRJ_Vengeance (
red | 65 APM | 2234 actions | 34:32)
4 Crypt Lord
2 Carrion Beetles
2 Spiked Carapace
3 Death Knight
2 Death Coil
1 Unholy Aura
» actions
| Assign group hotkey | 34 | |
| Basic commands | 6 | |
| Build / train | 51 | |
| Enter build submenu | 16 | |
| Enter hero's abilities submenu | 7 | |
| Remove unit from queue | 2 | |
| Right click | 911 | |
| Select / deselect | 337 | |
| Select group hotkey | 824 | |
| Use ability | 46 | |
2234 total
» units
| Acolyte | 6 | |
| Ghoul | 5 | |
| Crypt Fiend | 8 | |
| Frost Wyrm | 8 | |
| Blue Dragon | 1 | |
28 total
» upgrades
| Web | 1 | |
| Creature Attack | 2 | |
| Creature Carapace | 2 | |
| Freezing Breath | 1 | |
6 total
» buildings
| Graveyard | 1 | |
| Crypt | 1 | |
| Altar of Darkness | 1 | |
| Ziggurat | 9 | |
| Tomb of Relics | 1 | |
| Nerubian Tower | 1 | |
| Halls of the Dead | 1 | |
| Black Citadel | 1 | |
| Sacrificial Pit | 1 | |
| Boneyard | 3 | |
20 total
» build order
00:24 Graveyard
00:32 Crypt
00:49 Altar of Darkness
00:57 Ziggurat
01:17 Tomb of Relics
02:11 Ziggurat
02:49 Nerubian Tower
04:56 Halls of the Dead
07:04 Ziggurat
07:47 Ziggurat
08:27 Black Citadel
08:53 Sacrificial Pit
10:53 Boneyard
10:55 Boneyard
11:21 Boneyard
12:38 Ziggurat
12:39 Ziggurat
14:27 Ziggurat
14:35 Ziggurat
21:44 Ziggurat
» items
| Rod of Necromancy | 2 | |
| Dust of Appearance | 1 | |
3 total
Chat log
(00:15 / Allies) timg4strok: popozao
(00:15 / All) iggy_the_fisk: hello
(00:19 / All) timg4strok: popozao
(00:22 / All) BEAR_AND: fuck
(00:23 / All) BEAR_AND: pizza here
(00:25 / All) BRRJ_Lord-NE: silencio liso
(00:47 / All) timg4strok: me gusta.............tu MADRE!!!
(01:56 / All) BEAR_AND: you guys know tarker???
(02:01 / All) BRRJ_Lord-NE: yes
(02:03 / All) timg4strok: he my friend irl
(02:04 / All) timg4strok: cool!
(02:10 / All) BRRJ_Lord-NE: nice
(02:16 / All) timg4strok: u know his real name?
(02:18 / All) iggy_the_fisk: kisses 2 da missus
(02:22 / All) BRRJ_Lord-NE: rodrigo
(02:30 / All) timg4strok: no u know his Christian name
(02:39 / All) timg4strok: it's scotty lol
(03:36 / All) BEAR_AND: 1 sec
(03:37 / All) timg4strok: 1 sec please
(03:40 / All) timg4strok: its rod scott on the foine
(04:00 / All) timg4strok: thats what we call him. in the favela
(04:02 / All) timg4strok: hey rod scott
(06:01 / All) iggy_the_fisk: what
(06:03 / All) iggy_the_fisk: are you doing??
(08:18 / All) BRRJ_Vengeance: WOOD
(08:27 / All) iggy_the_fisk: sorry
(10:18 / All) iggy_the_fisk: wowww
(10:20 / All) iggy_the_fisk: brazil noob
(15:24 / All) iggy_the_fisk: stop right now
(15:26 / All) iggy_the_fisk: guys
(16:46 / All) iggy_the_fisk: pink
(16:47 / All) iggy_the_fisk: stop trying
(17:16 / All) iggy_the_fisk: STOP PINK
(17:26 / All) iggy_the_fisk: told you
(17:29 / All) iggy_the_fisk: Rodsted
(17:31 / All) iggy_the_fisk: you stupid?
(18:33 / All) BRRJ_Rodsted: u like to play 4 hours games?
(18:34 / All) BRRJ_Vengeance: CALMAAA
(18:36 / All) BEAR_AND: yes
(18:41 / All) iggy_the_fisk: it won't be 4 hour
(18:41 / All) BEAR_AND: http://highper.ch/ clan towa
(18:46 / All) iggy_the_fisk: you're way too stupid
(18:46 / All) timg4strok: no.....i like to play 5 HOURS GAMES!!!
(18:47 / All) BRRJ_Rodsted: what a bunch of losers
(18:59 / All) iggy_the_fisk: this game will be 40 minute max
(19:00 / All) iggy_the_fisk: you're so bad
(19:58 / All) iggy_the_fisk: you want to quit?
(20:00 / All) iggy_the_fisk: the game is over
(20:01 / All) iggy_the_fisk: you lost
(22:51 / All) BEAR_AND: lol!
(23:23 / All) BRRJ_Vengeance: HEROI
(23:28 / All) BEAR_AND: LOL
(23:31 / All) BEAR_AND: NOT
(23:40 / All) BEAR_AND: you killed 3 towers, nice work
(25:00 / All) BEAR_AND: "HERO"
(25:03 / All) BEAR_AND: hahahahahahhaha
(25:06 / All) BEAR_AND: fucking trash
(25:10 / All) timg4strok: i take u out on tuesday night
(25:11 / All) BEAR_AND: what's it like being from world's' worst country????
(25:11 / All) BRRJ_Rodsted: no, noob
(25:15 / All) BEAR_AND: you lost
(25:20 / All) BEAR_AND: this game ended 10 minutes ago or more
(25:23 / All) timg4strok: wednesday morning......Department Of Sanitation pick ju up
(26:21 / All) BEAR_AND: quit
(26:22 / All) BEAR_AND: quit
(26:22 / All) BEAR_AND: quit
(26:23 / All) BEAR_AND: quit
(26:24 / All) BEAR_AND: quit
(26:24 / All) BEAR_AND: quit
(26:45 / All) BRRJ_Rodsted: gg
(26:52 / All) BEAR_AND: quit
(26:53 / All) BEAR_AND: quit
(26:54 / All) BEAR_AND: gg
(26:55 / All) BEAR_AND: quit the game
(26:56 / All) BEAR_AND: quit
(26:56 / All) BEAR_AND: gg
(26:57 / All) BRRJ_Rodsted: leave
(26:58 / All) BEAR_AND: you're shit
(27:02 / All) BEAR_AND: you're fucking brazilians
(27:04 / All) BEAR_AND: quit now
(28:27 / All) BEAR_AND: where's your dk teal???
(28:28 / All) BEAR_AND: quit now
(28:31 / All) BEAR_AND: shitbit birdnoob
(29:34 / All) BRRJ_Rodsted: gg?
(29:41 / All) iggy_the_fisk: stfu noob
(29:54 / All) iggy_the_fisk: win without imba wyrm??
(29:56 / All) iggy_the_fisk: think not
(30:32 / All) BEAR_AND: hey
(30:33 / All) BEAR_AND: wait
(30:35 / All) timg4strok: hey can u wait
(30:38 / All) timg4strok: my dog pizza is here
(30:39 / All) BEAR_AND: you're So! bad
(30:39 / All) BEAR_AND: You'RE!
(30:39 / All) BEAR_AND: Bad!
(30:41 / All) BEAR_AND: thanks for pause lol
(30:49 / All) timg4strok: sorry its not real dog its hot dog thats what i call it here i call it dog pizza but its hot dog pizza and rod scott LOVES it
(31:01 / All) BRRJ_Rodsted: leave bitch
(31:08 / All) BEAR_AND: lol!!!!!!!!
(31:11 / All) BEAR_AND: if you want me to leave
(31:13 / All) BEAR_AND: send me $3
(31:16 / All) BEAR_AND: using http://highper.ch/win
(32:54 / All) BRRJ_Rodsted: gg?
(32:57 / All) BEAR_AND: LOL!!!
(33:15 / All) BRRJ_Vengeance: HEAL
(33:18 / All) BEAR_AND: lol
(33:19 / All) BEAR_AND: lol
(33:20 / All) BEAR_AND: lol
(33:39 / All) BRRJ_Vengeance: ehal
(34:42 / All) iggy_the_fisk: woww
(34:43 / All) iggy_the_fisk: noobs?
(36:32 / All) BEAR_AND: lmao
(36:34 / All) BEAR_AND: fucking idiot
(36:49 / All) BRRJ_Rodsted: wow, im very impresed. congratulations
(36:53 / All) BEAR_AND: shut the fuck up
(36:54 / All) BEAR_AND: quit now
(36:55 / All) iggy_the_fisk: I beat you
(36:58 / All) BEAR_AND: brazilian shitface
(36:59 / All) BRRJ_Rodsted: super victory mothefucker
(37:00 / All) iggy_the_fisk: without making 1 unit
(37:01 / All) timg4strok: me gusta
(37:03 / All) iggy_the_fisk: I'm pretty good at this game
(37:05 / All) BEAR_AND: kill yourself
(37:06 / All) iggy_the_fisk: i make no units and win
(37:07 / All) iggy_the_fisk: lol
(37:20 / All) BRRJ_Rodsted: and?
(37:23 / All) timg4strok: bear
(37:27 / All) BEAR_AND: you're a fucking idiot
(37:27 / All) iggy_the_fisk: you make lots of units
(37:28 / All) iggy_the_fisk: and lose
(37:42 / All) BRRJ_Rodsted: didnt lose yet
(37:49 / All) iggy_the_fisk: you lost
(37:51 / All) BEAR_AND: a long time ago
(37:52 / All) BEAR_AND: you lost
(37:53 / All) iggy_the_fisk: 5 minutes into the game
(37:55 / All) iggy_the_fisk: it was over
(37:58 / All) iggy_the_fisk: we told you it was over
(38:59 / All) iggy_the_fisk: we knew at load screen
(39:02 / All) iggy_the_fisk: when we saw u were brazilian
(39:04 / All) BEAR_AND: we saw clan brrj
(39:05 / All) iggy_the_fisk: it would be free win
(39:12 / All) BEAR_AND: i've beaten you at least 15 times
(39:16 / All) BEAR_AND: http://highper.ch for replays
(39:17 / All) iggy_the_fisk: brazilians can't do anything right
(39:36 / All) BRRJ_Rodsted: leave
(39:39 / All) BEAR_AND: LOL!
(39:41 / All) BEAR_AND: http://highper.ch/
(39:46 / All) BEAR_AND: add "win" to the end of that
(39:48 / All) BEAR_AND: pay me $3 USD
(39:53 / All) BEAR_AND: (your monthly wage)
(39:55 / All) BEAR_AND: and i quit
(40:23 / All) iggy_the_fisk: towers
(40:25 / All) iggy_the_fisk: so easy to kill
(40:40 / All) iggy_the_fisk: only an idiot could lose to towers
(40:43 / All) iggy_the_fisk: do you see?
(40:44 / All) iggy_the_fisk: so easy
(41:07 / All) iggy_the_fisk: level 1 hero
(41:28 / All) BEAR_AND: lmao
(41:58 / All) BEAR_AND: clan towa #1
(42:01 / All) BEAR_AND: brazil is shit garbage
(42:02 / All) BEAR_AND: ownage
(42:06 / All) BEAR_AND: highper.ch